AoeStats
← Kelvin.Xu

MegaRandom

509795151Analyzed
4v4 RM · 4d ago on Sep 28, 2026· 104m 0s· 8 players
Game mode
Random Map
Map size
Large (8 player)
Population
200
Speed
Normal
Resources
Standard
Victory
Conquest
Starting age
Dark Age
Ending age
Imperial Age
RankedLock teamsTeams togetherTeam positionsShared explorationLock speedFull tech treeHidden civsTurbo modeCheats
Victory
Defeat
🇺🇸 Berbers · United States
737
+20
🇬🇧 Persians · United Kingdom
725
+20
🇹🇼 Malians · Taiwan
721
+21
🇨🇳 Britons · China
717
+21
🇺🇸 Hindustanis · United States
894
-24
🇺🇸 Turks · United States
817
-20
🇺🇸 Mongols · United States
798
-19
🇺🇸 Varangians · United States
788
-19
BOOSON 8
19:16 Feudal Age
17:33 Loom
20:38 Horse Collar
20:46 Double-Bit Axe
20:56 Gold Mining
21:22 Stone Mining
27:14 Castle Age
27:16 Wheelbarrow
29:22 Caravan
29:54 Coinage
34:05 Heavy Plow
34:56 Gold Shaft Mining
34:58 Stone Shaft Mining
35:13 Bow Saw
37:41 Imperial Age
41:07 Forging
41:02 Scale Barding Armor
40:48 Fletching
40:58 Scale Mail Armor
41:00 Padded Archer Armor
41:19 Hand Cart
40:37 Elite War Elephant
42:00 Banking
42:13 Guilds
44:45 Conscription
45:07 Elite Skirmisher
45:53 Thumb Ring
46:27 Iron Casting
46:12 Chain Barding Armor
45:48 Bodkin Arrow
46:08 Chain Mail Armor
46:09 Leather Archer Armor
49:20 Chemistry
47:43 Pikeman
48:09 Gambesons
48:10 Arson
48:26 Squires
48:35 Halberdier
52:04 Blast Furnace
51:35 Plate Mail Armor
51:35 Ring Archer Armor
51:41 Plate Barding Armor
51:31 Ballistics
51:03 Heated Shot
51:24 Masonry
51:10 Murder Holes
54:07 Two-Man Saw
53:41 Crop Rotation
53:00 Town Watch
55:05 Architecture
63:23 Kamandaran
63:35 Citadels
88:29 Crossbowman
102:21 Spies/Treason
Vivahakama
6:25 Loom
11:10 Feudal Age
11:41 Double-Bit Axe
11:40 Horse Collar
21:26 Castle Age
19:36 Gold Mining
22:26 Scale Barding Armor
22:32 Forging
22:37 Bloodlines
22:32 Husbandry
25:16 Iron Casting
26:07 Bow Saw
26:02 Heavy Plow
26:55 Wheelbarrow
30:19 Iron Casting
30:05 Chain Barding Armor
35:19 Imperial Age
33:50 Tigui
34:26 Hand Cart
34:52 Heated Shot
35:23 Ballistics
35:15 Masonry
35:24 Heavy Camel Rider
36:29 Conscription
37:48 Farimba
39:07 Plate Barding Armor
59:04 Light Cavalry
69:53 Caravan
70:25 Coinage
79:19 Crop Rotation
85:40 Banking
94:46 Town Watch
Kelvin.Xu
11:01 Feudal Age
20:20 Castle Age
19:19 Horse Collar
19:26 Double-Bit Axe
24:57 Bow Saw
31:48 Imperial Age
30:06 Wheelbarrow
31:44 Kasbah
33:25 Heavy Plow
34:32 Coinage
34:42 Hand Cart
34:14 Town Watch
34:23 Gold Mining
34:23 Stone Mining
35:19 Crop Rotation
35:02 Maghrebi Camels
36:24 Gold Shaft Mining
36:24 Stone Shaft Mining
38:16 Chemistry
37:37 Ballistics
36:58 Treadmill Crane
38:54 Husbandry
39:04 Bloodlines
38:33 Heavy Camel Rider
38:40 Elite Camel Archer
42:43 Forging
42:33 Scale Mail Armor
42:39 Scale Barding Armor
46:04 Caravan
46:34 Banking
46:14 Guilds
46:47 Iron Casting
46:28 Chain Mail Armor
46:33 Chain Barding Armor
46:03 Fletching
46:13 Padded Archer Armor
45:41 Elite Skirmisher
48:39 Heavy Scorpion
49:43 Town Patrol
50:52 Squires
50:37 Arson
50:13 Pikeman
52:25 Blast Furnace
51:55 Plate Mail Armor
52:00 Plate Barding Armor
51:20 Bodkin Arrow
51:40 Leather Archer Armor
56:11 Plate Barding Armor
55:37 Bracer
55:52 Leather Archer Armor
55:46 Light Cavalry
56:55 Hussar
70:43 Arrowslits
70:49 Guard Tower
77:48 Masonry
77:56 Siege Engineers
爆脆星星堡
0:49 Loom
10:36 Feudal Age
11:56 Wheelbarrow
22:34 Castle Age
20:51 Horse Collar
20:58 Double-Bit Axe
24:07 Hand Cart
25:40 Gold Mining
25:42 Stone Mining
27:16 Crossbowman
32:07 Fortified Wall
35:01 Heavy Plow
35:21 Bow Saw
37:01 Masonry
37:14 Fletching
40:17 Imperial Age
38:25 Bodkin Arrow
38:30 Padded Archer Armor
40:20 Arbalester
41:27 Ballistics
42:53 Chemistry
43:29 Architecture
42:48 Elite Skirmisher
43:33 Bracer
43:48 Leather Archer Armor
44:38 Two-Man Saw
45:52 Conscription
46:08 Hoardings
44:56 Elite Longbowman
46:43 Yeomen
46:08 Light Cavalry
61:55 Guilds
62:48 Warwolf
conflux
5:11 Loom
12:37 Feudal Age
13:24 Horse Collar
13:32 Double-Bit Axe
19:02 Castle Age
21:14 Wheelbarrow
20:47 Heavy Plow
21:00 Bow Saw
21:25 Gold Mining
24:09 Stone Mining
25:28 Hand Cart
28:34 Grand Trunk Road
29:10 Caravan
30:10 Gold Shaft Mining
30:11 Stone Shaft Mining
31:58 Forging
31:50 Scale Mail Armor
32:29 Squires
34:28 Iron Casting
34:09 Chain Mail Armor
35:03 Fletching
37:46 Imperial Age
35:42 Ballistics
36:32 Arson
37:42 Masonry
37:51 Elite Ghulam
38:53 Conscription
39:43 Blast Furnace
40:37 Chemistry
42:41 Scale Barding Armor
42:44 Siege Engineers
44:00 Bloodlines
43:13 Heavy Camel Rider
44:54 Husbandry
44:38 Imperial Camel Rider
46:27 Chain Barding Armor
54:30 Plate Barding Armor
61:25 Bodkin Arrow
62:40 Pikeman
65:29 Bracer
67:00 Hoardings
97:57 Light Cavalry
Mel Gibson
13:23 Feudal Age
11:42 Loom
16:36 Wheelbarrow
18:25 Castle Age
16:19 Double-Bit Axe
17:17 Horse Collar
18:59 Arson
20:37 Hand Cart
21:53 Stone Mining
23:03 Gold Mining
23:55 Stone Shaft Mining
28:11 Careening
28:01 Murder Holes
27:49 Treadmill Crane
28:42 Heavy Plow
29:03 Town Watch
30:17 Bow Saw
32:15 Town Patrol
32:28 Gold Mining
33:26 Squires
33:11 Gambesons
37:05 Imperial Age
38:07 Elite Varangian Guard
40:44 Crop Rotation
42:27 Scale Mail Armor
42:38 Forging
42:19 Fletching
42:44 Masonry
42:55 Ballistics
43:31 Caravan
43:17 Gothikon
47:30 Elite Skirmisher
50:39 Iron Casting
50:27 Chain Mail Armor
50:17 Padded Archer Armor
54:29 Blast Furnace
54:00 Plate Mail Armor
65:46 Leather Archer Armor
65:27 Bodkin Arrow
66:34 Pikeman
67:40 Bracer
68:20 Ring Archer Armor
67:54 Halberdier
72:36 Light Cavalry
73:27 Bloodlines
73:18 Husbandry
72:44 Vendel Legacy
72:50 Cavalier
80:23 Hussar
85:02 Chemistry
84:34 Architecture
83:55 Guard Tower
84:15 Fortified Wall
xafer56
9:46 Loom
12:28 Feudal Age
17:37 Castle Age
17:14 Double-Bit Axe
17:41 Stone Mining
18:32 Gold Mining
21:27 Gold Shaft Mining
30:53 Horse Collar
31:42 Bow Saw
35:10 Padded Archer Armor
35:01 Fletching
35:52 Heavy Plow
37:48 Ballistics
37:10 Treadmill Crane
37:41 Masonry
37:57 Thumb Ring
41:04 Imperial Age
40:03 Wheelbarrow
40:21 Sipahi
41:51 Hand Cart
42:12 Murder Holes
42:39 Bombard Tower
43:20 Conscription
43:08 Artillery
43:09 Arrowslits
43:58 Architecture
51:08 Caravan
54:35 Bodkin Arrow
54:56 Leather Archer Armor
55:16 Parthian Tactics
54:12 Heavy Cavalry Archer
55:21 Bracer
60:18 Fortified Wall
61:16 Elite Janissary
62:49 Heavy Scorpion
99:09 Bloodlines
99:00 Husbandry
Nicklesko
10:06 Feudal Age
10:59 Feudal Age
12:42 Loom
12:53 Double-Bit Axe
12:58 Horse Collar
20:15 Castle Age
20:53 Wheelbarrow
20:08 Town Watch
22:16 Scale Barding Armor
22:08 Gold Mining
22:09 Stone Mining
22:37 Bow Saw
22:40 Heavy Plow
27:41 Stone Shaft Mining
28:35 Chain Barding Armor
28:06 Fletching
30:36 Gold Shaft Mining
31:18 Hand Cart
31:07 Town Patrol
32:49 Bodkin Arrow
37:02 Imperial Age
35:37 Caravan
37:17 Elite Mangudai
37:59 Nomads
38:20 Drill
40:17 Onager
42:14 Chemistry
41:34 Ballistics
41:26 Masonry
41:23 Siege Engineers
41:30 Fortified Wall
41:17 Murder Holes
41:28 Bracer
41:41 Forging
41:44 Husbandry
41:56 Bloodlines
42:11 Siege Onager
85:41 Heavy Scorpion
Connection lost

Rejoining the realm…

Still unreachable

The connection could not be restored.

Session expired

The server has moved on; the page needs a fresh start.